 Dungeon Crawl Stone Soup version 0.28.0-45-g0d030f2227 (webtiles) character file.

Game seed: 14257578518262166376

58 psko the Conjurer (level 3, -1/16 HPs)
             Began as a Spriggan Conjurer on Apr 9, 2022.
             Was a Believer of Nemelex Xobeh.
             Slain by a crimson imp (2 damage)
             ... summoned by Natasha
             ... on level 2 of the Dungeon.
             The game lasted 00:06:51 (1651 turns).

psko the Conjurer (Spriggan Conjurer)               Turns: 1651, Time: 00:06:51

Health: -1/16      AC:  2    Str:  5    XL:     3   Next: 75%
Magic:  6/8        EV: 17    Int: 19    God:    Nemelex Xobeh [**....]
Gold:   165        SH:  0    Dex: 13    Spells: 7/8 levels left

rFire   . . .      SeeInvis +   h - +0 dagger (elec)
rCold   . . .      Faith    .   (no shield)
rNeg    . . .      Spirit   .   a - +0 robe
rPois   .          Reflect  .   (helmet restricted)
rElec   .          Harm     .   (no cloak)
rCorr   .          Rampage  .   (gloves unavailable)
Will    .....                   (boots unavailable)
Stlth   ++........              (no amulet)
HPRegen 0.05/turn               (no ring)
MPRegen 0.11/turn               (no ring)

@: slowed, quick
A: very small, no large weapons, unfitting armour, see invisible, speed 3
a: Renounce Religion, Draw Escape, Draw Destruction, Draw Summoning


You were on level 2 of the Dungeon.
You worshipped Nemelex Xobeh.
Nemelex Xobeh was pleased with you.
You visited 1 branch of the dungeon, and saw 2 of its levels.

You collected 165 gold pieces.

Inventory:

Hand Weapons
 d - a +0 dagger of venom
 h - a +0 dagger of electrocution (weapon)
Armour
 a - a +0 robe (worn)
Scrolls
 b - a scroll of fear {unknown}
 c - a scroll of identify {unknown}
 g - a scroll of summoning {unknown}
Potions
 e - a potion of might {unknown}
 f - 3 potions of brilliance {unknown}
 i - a potion of haste {unknown}
 j - a potion of curing {unknown}


   Skills:
 + Level 0.5 Short Blades
 + Level 3.1 Dodging
 + Level 3.4 Stealth
 + Level 3.2 Spellcasting
 + Level 3.6 Conjurations


You had 7 spell levels left.
You knew the following spells:

 Your Spells              Type           Power      Damage    Failure   Level
a - Magic Dart            Conj           68%        1d6       3%          1

Your spell library contained the following spells:

 Spells                   Type           Power      Damage    Failure   Level
 Searing Ray              Conj           34%        2d5       4%          2
 Dazzling Flash           Conj/Hex       20%        N/A       22%         3
 Fulminant Prism          Conj/Hex       5%         3d7       56%         4
 Iskenderun's Mystic Bla  Conj/Tloc      10%        2d4       56%         4


Dungeon Overview and Level Annotations

Branches:
Dungeon (2/15)

Altars:
Nemelex Xobeh
Sif Muna

Annotations:
D:2 Natasha


Innate Abilities, Weirdness & Mutations

You are very small and have problems with some larger weapons.
You are too small for most types of armour.
You have supernaturally acute eyesight. (SInv)
You cover ground extremely quickly. (Speed+++)


Message History

Natasha closely misses you.
You closely miss Natasha.
Natasha is moderately wounded.
Natasha casts a spell at you.
You feel yourself slow down.
You closely miss Natasha.
Natasha is moderately wounded.
Natasha mumbles some strange words.
Natasha claws you but does no damage.
You hit Natasha but do no damage.
Natasha is moderately wounded.
Natasha barely misses you.
The crimson imp blinks!
You closely miss Natasha.
Natasha is moderately wounded.
Natasha stares at you and mumbles some strange words.
The magic dart hits you. Natasha misses you.
You hit Natasha.
Natasha is moderately wounded.
Natasha claws you. The crimson imp misses you.
You hit Natasha but do no damage.
Natasha is moderately wounded.
Natasha claws you. The crimson imp completely misses you.
Natasha stares at you and mumbles some strange words.
You feel as though you will be slow longer.
You hit Natasha.
Natasha is heavily wounded.
The crimson imp hits you but does no damage.
Natasha misses you.
The crimson imp hits you but does no damage.
You completely miss Natasha.
Natasha is heavily wounded.
Natasha claws you.
* * * LOW HITPOINT WARNING * * *
The crimson imp hits you but does no damage.
Natasha barely misses you.
You hit Natasha but do no damage.
Natasha is heavily wounded.
The crimson imp hits you.
You die...
Your body disappears without a glow.

#. #............##
####.####.##..#.##.##
#.......#.##..#.##.## #
#.........##.........
..##.......#####.####.##
#.........# #......#
#.......# ########
#...†...# #..5@...#
####h#### #.. ...# ###.#
.. .# .#


You could see Natasha and a crimson imp (summoned).

Vanquished Creatures
  Natasha (D:2)
  An adder (D:2)
  2 giant cockroaches (D:1)
  6 goblins
  A hobgoblin (D:1)
  3 kobolds
  A quokka (D:1)
  4 ball pythons
  2 bats (D:1)
  2 rats (D:2)
  3 toadstools (D:1)
26 creatures vanquished.

Vanquished Creatures (others)
  13 fungi (D:1)
13 creatures vanquished.

Grand Total: 39 creatures vanquished

Notes
Turn   | Place    | Note
-------+----------+-------------------------------------------
     0 | D:1      | psko the Spriggan Conjurer began the quest for the Orb.
     0 | D:1      | Reached XP level 1. HP: 9/9 MP: 5/5
   240 | D:1      | Found a faded altar of an unknown god.
   245 | D:1      | Prayed at the altar of an unknown god.
   245 | D:1      | Became a worshipper of Nemelex Xobeh the Trickster
   245 | D:1      | Reached * piety under Nemelex Xobeh
   245 | D:1      | Received a gift from Nemelex Xobeh
   268 | D:1      | Reached XP level 2. HP: 11/13 MP: 3/6
  1206 | D:2      | Reached XP level 3. HP: 9/16 MP: 2/8
  1269 | D:2      | Found a shimmering blue altar of Sif Muna.
  1271 | D:2      | Noticed Natasha
  1276 | D:2      | Killed Natasha
  1553 | D:2      | Reached ** piety under Nemelex Xobeh
  1628 | D:2      | Received a gift from Nemelex Xobeh
  1638 | D:2      | Noticed Natasha
  1651 | D:2      | Slain by a crimson imp

Illustrated notes

Levels and vault maps discovered:
D:1:      dpeg_arrival_lava_temple_mockup, layout_loops_ring,
          ebering_ecumenical_altar_abandoned, minmay_gold_behind_fungi
D:2:      layout_loops_cross, basic_altar, uniq_natasha

Skill      XL: |  1  2  3 |
---------------+----------+-----
Conjurations   | 3 |  3.6
Dodging        | 3 |  3.1
Spellcasting   | 3 |  3.2
Short Blades   | |  0.5
Stealth        | |  3.4

Action                   || total
-------------------------++-------
Melee: Dagger            ||    84
       Punch             ||     3
       Unarmed           ||     1
 Cast: Magic Dart        ||    40
 Stab: Sleeping          ||     1
Armor: Robe              ||     6
Dodge: Dodged            ||    16
